 Dungeon Crawl Stone Soup version 0.29.1-13-g9f3cf754e1 (webtiles) character file.

Game seed: 6017140728025734110

1268 oldfather the Chopper (level 8, -6/61 HPs)
             Began as a Demonspawn Gladiator on Jan 27, 2023.
             Was a Priest of Nemelex Xobeh.
             Mangled by a red very ugly thing (15 damage)
             ... on level 1 of the Abyss.
             The game lasted 00:39:54 (5850 turns).

oldfather the Chopper (Demonspawn Gladiator)        Turns: 5850, Time: 00:39:55

Health: -6/61      AC: 12    Str: 23    XL:     8   Next: 28%
Magic:  0/8        EV: 11    Int: 10    God:    Nemelex Xobeh [***...]
Gold:   305        SH:  0    Dex: 11    Spells: 7/7 levels left

rFire   . . .      SeeInvis .   a - +0 war axe
rCold   . . .      Faith    .   (no shield)
rNeg    . . .      Spirit   +   t - +0 scale mail of Analysis {rCorr Str+7 Dex-4 Stlth+}
rPois   .          Reflect  .   c - +0 helmet
rElec   .          Harm     .   (no cloak)
rCorr   +          Rampage  .   j - +1 pair of gloves
Will    .....                   (no boots)
Stlth   +.........              (no amulet)
HPRegen 0.20/turn               (no ring)
MPRegen 0.22/turn               (no ring)

@: hasted, very quick
A: yellow scales 1, magic shield, magic regeneration, demonic magic 1, demonic
touch 1
a: Renounce Religion, Draw Escape, Draw Destruction, Draw Summoning, Triple Draw


You were on level 1 of the Abyss.
You worshipped Nemelex Xobeh.
Nemelex Xobeh was most pleased with you.
You visited 1 branch of the dungeon, and saw 5 of its levels.
You visited the Abyss 1 time.
You also visited: Ossuary.

You collected 305 gold pieces.

Inventory:

Hand Weapons
 a - a +0 war axe (weapon)
 n - the +7 great mace of Responsibility {holy, *Noise rC+++ MP-9 Int+5}
   (You found it on level 2 of the Dungeon)

   It has been blessed by the Shining One to cause great damage to the undead
   and demons.
   Int:       It affects your intelligence (+5).
   rC:        It renders you almost immune to cold.
   MP:        It affects your magic capacity (-9).
   *Noise:    It may make noises in combat.
Armour
 c - a +0 helmet (worn)
 j - a +1 pair of gloves (worn)
 m - a +0 scale mail
 t - the +0 scale mail of Analysis (worn) {rCorr Str+7 Dex-4 Stlth+}
   (You found it on level 3 of the Dungeon)

   Str:       It affects your strength (+7).
   Dex:       It affects your dexterity (-4).
   rCorr:     It protects you from acid and corrosion.
   Stlth:     It makes you more stealthy.
 w - a +0 plate armour
Jewellery
 u - a ring of magical power
Scrolls
 b - 2 scrolls of brand weapon {unknown}
 d - 4 scrolls of teleportation {unknown}
 f - 2 scrolls of blinking {unknown}
 g - 3 scrolls of identify {unknown}
 h - a scroll of enchant weapon {unknown}
 i - a scroll of magic mapping {unknown}
 k - a scroll of fog {unknown}
 l - 2 scrolls of immolation {unknown}
 p - a scroll of fear {unknown}
 v - 3 scrolls of amnesia {unknown}
 y - a scroll of noise {unknown}
 D - a scroll of vulnerability {unknown}
Potions
 e - a potion of cancellation {unknown}
 o - a potion of invisibility
 q - a potion of haste
 r - a potion of mutation {unknown}
 s - 2 potions of ambrosia
 z - a potion of heal wounds {unknown}
 A - a potion of lignification {unknown}
 B - a potion of berserk rage {unknown}
 C - a potion of might {unknown}


   Skills:
 + Level 4.6 Fighting
 + Level 7.1 Axes
 + Level 1.9 Throwing
 + Level 3.9 Armour
 + Level 3.6 Dodging
 + Level 0.7 Stealth


You had 7 spell levels left.
You didn't know any spells.
Your spell library contained the following spells:

 Spells                   Type           Power      Damage    Failure   Level
 Call Canine Familiar     Summ           0%         N/A       95%         3
 Gell's Gravitas          Tloc           0%         N/A       95%         3
 Lesser Beckoning         Tloc           0%         N/A       95%         3
 Portal Projectile        Hex/Tloc       0%         N/A       95%         3
 Teleport Other           Tloc           0%         N/A       95%         3
 Leda's Liquefaction      Hex/Erth       0%         N/A       100%        4


Dungeon Overview and Level Annotations

Branches:
Dungeon (5/15)             Temple (0/1) D:5         Ossuary (visited)

Altars:
Gozag
Nemelex Xobeh

Shops:
D:3 =   D:5 !=[[


Innate Abilities, Weirdness & Mutations

You are partially covered in yellow scales. (AC +2)
When hurt, damage is shared between your health and your magic reserves.
You regenerate magic rapidly.
Spells you cast may paralyse adjacent enemies.
Your touch may inflict minor irresistible damage on your foes.


Message History

You barely miss the red very ugly thing.
You touch the red very ugly thing!
The red very ugly thing is heavily wounded.
You are covered in liquid flames!
* * * LOW HITPOINT WARNING * * *
The red very ugly thing tentacle-slaps you!
* * * LOW HITPOINT WARNING * * *
It was a potion of ambrosia.
You are confused.
You feel invigorated.
You are covered in liquid flames!
* * * LOW HITPOINT WARNING * * *
The red very ugly thing tentacle-slaps you.
* * * LOW HITPOINT WARNING * * *
It was a potion of haste.
You feel yourself speed up.
The red very ugly thing barely misses you.
You bump into the crystal wall.
The red very ugly thing closely misses you.
It was a potion of curing.
You feel better.
You feel less invigorated.
You slash the red very ugly thing!
The red very ugly thing is severely wounded.
The red very ugly thing barely misses you.
You hit the red very ugly thing.
The red very ugly thing is severely wounded.
The red very ugly thing tentacle-slaps you but does no damage.
You slash the red very ugly thing!
The red very ugly thing is severely wounded.
The red very ugly thing tentacle-slaps you!
* * * LOW HITPOINT WARNING * * *
You closely miss the red very ugly thing.
You touch the red very ugly thing!
The red very ugly thing is almost dead.
The red very ugly thing tentacle-slaps you!
* * * LOW HITPOINT WARNING * * *
You feel better.
You hit the red very ugly thing but do no damage.
The red very ugly thing is almost dead.
The red very ugly thing tentacle-slaps you!
You die...
Your body glows with a rainbow of weird colours and disappears.

# #. # #.# . # ..
#§# . ≈≈♣~♣ . ...
# . ..~...
.##.##.## .#
.~... # ##... .
.### .
#....##..#.#.. .
#.# #..@.#..# #
.~~##
#.#u...#.#.## . #
#...###.## ..
......#.........#
.≈ .
.#.#.#.##...##.~~
#. . ..###...
.#....~♣ ..#
#.##.... #.## ~
... ### #. # . .
#.#. . .


You could see a red very ugly thing.

Vanquished Creatures
  Menkaure (D:5)
  An acid dragon (D:5)
  Pargi (D:3)
  An ice beast (D:4)
  A phantom (D:5)
  2 elf zombies (Ossuary)
  A necrophage (D:4)
  A centaur zombie (Ossuary)
  An orc priest (D:5)
  3 human zombies (Ossuary)
  2 iguanas
  Natasha (thrice) (D:2)
  2 orc wizards
  3 mummies (Ossuary)
  3 hound zombies (Ossuary)
  7 adders
  An ufetubus (D:4)
  2 adder zombies (Ossuary)
  2 worms
  4 dart slugs
  8 orcs
  6 endoplasms
  3 giant cockroaches
  7 goblins
  7 hobgoblins
  3 quokkas
  8 ball pythons
  4 bats
  3 frilled lizards (D:2)
  A gnoll zombie (Ossuary)
  4 goblin zombies (Ossuary)
  3 hobgoblin zombies (Ossuary)
  A jackal zombie (Ossuary)
  5 kobolds
  5 kobold zombies (Ossuary)
  4 quokka zombies (Ossuary)
  9 rats
  7 rat zombies (Ossuary)
130 creatures vanquished.

Vanquished Creatures (others)
  13 plants
  9 withered plants (D:2)
22 creatures vanquished.

Grand Total: 152 creatures vanquished

Notes
Turn   | Place    | Note
-------+----------+-------------------------------------------
     0 | D:1      | oldfather the Demonspawn Gladiator began the quest for the
                  | Orb.
     0 | D:1      | Reached XP level 1. HP: 16/16 MP: 1/1
   379 | D:1      | Gained mutation: You regenerate magic rapidly. [demonic
                  | ancestry]
   379 | D:1      | Reached XP level 2. HP: 18/22 MP: 2/2
   487 | D:1      | Reached skill level 3 in Axes
  1517 | D:2      | Identified the +7 great mace of Responsibility {holy,
                  | *Noise rC+++ MP-9 Int+5}
  1728 | D:2      | Found a faded altar of an unknown god.
  1774 | D:2      | Prayed at the altar of an unknown god.
  1774 | D:2      | Became a worshipper of Nemelex Xobeh the Trickster
  1774 | D:2      | Reached * piety under Nemelex Xobeh
  1774 | D:2      | Received a gift from Nemelex Xobeh
  1829 | D:2      | Reached XP level 3. HP: 28/28 MP: 3/3
  2093 | D:2      | Noticed Natasha
  2101 | D:2      | Reached skill level 1 in Armour
  2106 | D:2      | Killed Natasha
  2108 | D:2      | Gained mutation: When hurt, damage is shared between your
                  | health and your magic reserves. [demonic ancestry]
  2108 | D:2      | Reached XP level 4. HP: 21/34 MP: 4/4
  2122 | D:2      | Noticed Natasha
  2133 | D:2      | Killed Natasha
  2247 | D:2      | Noticed Natasha
  2262 | D:2      | Killed Natasha
  2540 | D:2      | Found an opulent altar of Gozag.
  2786 | D:3      | Received a gift from Nemelex Xobeh
  3142 | D:3      | Gained mutation: Your touch may inflict minor irresistible
                  | damage on your foes. [demonic ancestry]
  3142 | D:3      | Reached XP level 5. HP: 41/41 MP: 5/5
  3147 | D:3      | Reached ** piety under Nemelex Xobeh
  3349 | D:3      | Received a gift from Nemelex Xobeh
  3424 | D:3      | Identified the +0 scale mail of Analysis {rCorr Str+7 Dex-4
                  | Stlth+}
  3444 | D:3      | Noticed Pargi
  3457 | D:3      | Killed Pargi
  3458 | D:3      | Reached skill level 4 in Axes
  3461 | D:3      | Found Acvo's Jewellery Boutique.
  3831 | D:4      | Gained mutation: You are partially covered in yellow
                  | scales. (AC +2) [demonic ancestry]
  3831 | D:4      | Reached XP level 6. HP: 47/47 MP: 6/6
  3956 | D:4      | Noticed an ice beast
  3964 | D:4      | Killed an ice beast
  4218 | D:4      | Reached skill level 5 in Axes
  4317 | D:4      | Received a gift from Nemelex Xobeh
  4341 | D:4      | Found a sand-covered staircase.
  4369 | Ossuary  | Entered an ossuary
  4392 | Ossuary  | Reached XP level 7. HP: 52/52 MP: 7/7
  4714 | Ossuary  | Reached skill level 6 in Axes
  4943 | D:5      | Entered Level 5 of the Dungeon
  5162 | D:5      | Gained mutation: Spells you cast may paralyse adjacent
                  | enemies. [demonic ancestry]
  5162 | D:5      | Reached XP level 8. HP: 37/59 MP: 5/8
  5374 | D:5      | Found Quucki's Distillery.
  5378 | D:5      | Found Eluer's Jewellery Boutique.
  5379 | D:5      | Found Pisyseh's Antique Armour Boutique.
  5379 | D:5      | Found Diaho's Antique Armour Shoppe.
  5590 | D:5      | Reached *** piety under Nemelex Xobeh
  5593 | D:5      | Noticed Menkaure
  5599 | D:5      | Killed Menkaure
  5600 | D:5      | Reached skill level 7 in Axes
  5641 | D:5      | Found a staircase to the Ecumenical Temple.
  5699 | Abyss:1  | Cast into level 1 of the Abyss (orc)
  5829 | Abyss:1  | Noticed a red very ugly thing
  5841 | Abyss:1  | HP: 3/61 [burnt (2)]
  5848 | Abyss:1  | HP: 3/61 [red very ugly thing (12)]
  5850 | Abyss:1  | Mangled by a red very ugly thing

Illustrated notes

Levels and vault maps discovered:
D:1:      dpeg_arrival_long_road, layout_basic, minmay_misc_feat_room,
          hangedman_decor_diamond_cutter, minmay_misc_feat_x
D:2:      minmay_door_path, layout_loops_corners, basic_altar,
          shapermc_ecumenical_altar_flowoftime, minmay_octomino_c4, uniq_natasha
D:3:      layout_basic, serial_shops, shop, uniq_pargi
D:4:      layout_rooms, serial_forest, infiniplex_forest_straight_2,
          infiniplex_forest_lined_3, infiniplex_forest_lined_corner,
          infiniplex_forest_end_1, infiniplex_forest_straight_4,
          infiniplex_forest_clump_medium, infiniplex_forest_straight_3,
          chequers_ossuary_entry_cave
D:5:      layout_gridville, elyvilon_altar_3, temple_green,
          nicolae_wooded_promenade, uniq_menkaure, uniq_grinder
Abyss:1:  base:
D:3

Skill      XL: |  1  2  3  4  5  6  7  8 |
---------------+-------------------------+-----
Axes           | 3 4 5 6 7 |  7.1
Dodging        | 3 |  3.6
Armour         | 1 2 3 |  3.9
Fighting       | 3 4 |  4.6
Throwing       | |  1.9
Stealth        | |  0.7

Action                   |  1- 3 |  4- 6 |  7- 9 || total
-------------------------+-------+-------+-------++-------
Melee: War axe           |   102 |   134 |   162 ||   398
       Punch             |       |     3 |     1 ||     4
       Touch             |       |    17 |    28 ||    45
  Use: Potion            |       |       |     4 ||     4
Armor: Leather armour    |    10 |       |       ||    10
       Scale mail        |    35 |    74 |    85 ||   194
       Ring mail         |     4 |       |       ||     4
Dodge: Dodged            |    79 |    85 |   107 ||   271
